 Dungeon Crawl Stone Soup version 0.28.0-53-g5a82cb258f (webtiles) character file.

Game seed: 18036623663570953980

42233 Zeld the Zephyrmancer (level 14, -1/74 HPs)
             Began as a Tengu Air Elementalist on May 21, 2022.
             Was an Elder of Vehumet.
             Slain by a death yak (17 damage)
             ... on level 6 of the Lair of Beasts.
             The game lasted 00:28:52 (36488 turns).

Zeld the Zephyrmancer (Tengu Air Elementalist)     Turns: 36488, Time: 00:28:53

Health: -1/74      AC: 11    Str: 35    XL:     14   Next: 18%
Magic:  0/32       EV: 18    Int: 28    God:    Vehumet [****..]
Gold:   945        SH:  0    Dex: 13    Spells: 29/39 levels left

rFire   . . .      SeeInvis +   a - +9 scimitar (venom)
rCold   . . .      Faith    .   (no shield)
rNeg    . . .      Spirit   +   y - +2 leather armour "Savol" {Int+4}
rPois   +          Reflect  .   l - +0 hat {SInv}
rElec   .          Harm     .   q - +0 cloak
rCorr   +          Rampage  .   v - +0 pair of gloves
Will    ++...                   (boots unavailable)
Stlth   ++........              J - amulet of Arosun {Spirit rCorr Str+8 Slay+2}
HPRegen 0.22/turn               H - ring "Jeetimn" {rPois AC+4 Str+9 Int-2 SInv}
MPRegen 0.23/turn               m - ring "Zoniurr" {Contam rPois Will+ Str+10 Int+6 Dex-3}

@: flying quickly and evasively, quick
A: beak, talons 3, nimble flight
a: Renounce Religion


You were on level 6 of the Lair of Beasts.
You worshipped Vehumet.
Vehumet was greatly pleased with you.
You visited 3 branches of the dungeon, and saw 19 of its levels.
You also visited: Bailey, Gauntlet and Volcano.

You collected 1441 gold pieces.
You spent 496 gold pieces at shops.

Inventory:

Hand Weapons
 a - a +9 scimitar of venom (weapon)
 K - a +1 demon blade of flaming
Armour
 l - a +0 hat of see invisible (worn)
 q - a +0 cloak (worn)
 v - a +0 pair of gloves (worn)
 y - the +2 leather armour "Savol" (worn) {Int+4}
   (You found it on level 9 of the Dungeon)

   Int:       It affects your intelligence (+4).
 G - a +1 kite shield of poison resistance
Jewellery
 m - the ring "Zoniurr" (right hand) {Contam rPois Will+ Str+10 Int+6 Dex-3}
   (You found it in a Gauntlet)

   [ring of intelligence]

   Str:       It affects your strength (+10).
   Int:       It affects your intelligence (+6).
   Dex:       It affects your dexterity (-3).
   rPois:     It protects you from poison.
   Contam:    It causes magical contamination when unequipped.
   Will:      It increases your willpower.
 H - the ring "Jeetimn" (left hand) {rPois AC+4 Str+9 Int-2 SInv}
   (You found it in a bailey)

   [ring of protection]

   AC:        It affects your AC (+4).
   Str:       It affects your strength (+9).
   Int:       It affects your intelligence (-2).
   rPois:     It protects you from poison.
   SInv:      It lets you see invisible.
 J - the amulet of Arosun (around neck) {Spirit rCorr Str+8 Slay+2}
   (You found it in a Gauntlet)

   [amulet of guardian spirit]

   It causes incoming damage to be divided between your reserves of health and
   magic.
   Str:       It affects your strength (+8).
   Slay:      It affects your accuracy & damage with ranged weapons and melee
   (+2).
   rCorr:     It protects you from acid and corrosion.
Wands
 b - a wand of iceblast (17)
 d - a wand of mindburst (18)
 j - a wand of charming (6)
 t - a wand of acid (5)
 u - a wand of paralysis (4)
 A - a wand of flame (6)
Scrolls
 e - 5 scrolls of teleportation
 i - 3 scrolls of amnesia
 p - 5 scrolls of magic mapping
 r - a scroll of fear
 x - 2 scrolls of holy word
 z - 4 scrolls of enchant armour {unknown}
 B - 4 scrolls of blinking {unknown}
 F - 2 scrolls of silence {unknown}
Potions
 c - 5 potions of might
 f - 6 potions of haste {unknown}
 g - 3 potions of lignification {unknown}
 h - a potion of flight {unknown}
 k - 2 potions of invisibility {unknown}
 n - a potion of degeneration {unknown}
 o - 4 potions of curing
 s - 2 potions of cancellation
 w - a potion of resistance {unknown}
 C - 5 potions of berserk rage
 D - 4 potions of brilliance {unknown}
 E - 2 potions of attraction {unknown}
Miscellaneous
 I - a lightning rod (1/4)


   Skills:
 * Level 3.5 Fighting
 + Level 1.9 Long Blades
 + Level 2.6 Armour
 - Level 8.0 Dodging
 * Level 4.5 Stealth
 * Level 9.6 Shields
 * Level 13.2 Spellcasting
 - Level 10.0 Conjurations
 - Level 14.0 Air Magic
 + Level 7.5 Evocations


You had 29 spell levels left.
You knew the following spells:

 Your Spells              Type           Power      Damage    Failure   Level
a - Shock                 Conj/Air       100%       1d9       0%          1
b - Static Discharge      Conj/Air       72%        N/A       1%          2
c - Swiftness             Air            77%        N/A       1%          3
d - Airstrike             Air            38%        N/A       1%          4

Your spell library contained the following spells:

 Spells                   Type           Power      Damage    Failure   Level
 Yara's Violent Unravell  Hex/Tmut       9%         3d6       22%         5
 Dazzling Flash           Conj/Hex       92%        N/A       1%          3
 Mephitic Cloud           Conj/Pois/Air  59%        N/A       1%          3
 Iskenderun's Mystic Bla  Conj/Tloc      46%        2d10      1%          4
 Summon Lightning Spire   Summ/Air       55%        N/A       1%          4
 Freezing Cloud           Conj/Ice/Air   29%        6-21      1%          5
 Frozen Ramparts          Ice            36%        1d5       2%          3
 Animate Skeleton         Necr           36%        N/A       3%          1
 Apportation              Tloc           36%        N/A       3%          1
 Summon Small Mammal      Summ           72%        N/A       3%          1
 Passwall                 Tmut/Erth      15%        N/A       4%          2
 Sublimation of Blood     Necr           18%        N/A       4%          2
 Wereblood                Tmut           18%        N/A       4%          2
 Silence                  Hex/Air        27%        N/A       4%          5
 Call Canine Familiar     Summ           18%        N/A       10%         3
 Gell's Gravitas          Tloc           18%        N/A       10%         3
 Portal Projectile        Hex/Tloc       36%        N/A       10%         3
 Starburst                Conj/Fire      23%        6d8       16%         6
 Lee's Rapid Deconstruct  Erth           9%         3d8*      22%         5
 Leda's Liquefaction      Hex/Erth       9%         N/A       30%         4
 Agony                    Necr           18%        N/A       65%         5
 Alistair's Intoxication  Tmut/Pois      12%        N/A       65%         5
 Borgnjor's Vile Clutch   Necr/Erth      9%         N/A       65%         5
 Metabolic Englaciation   Hex/Ice        9%         N/A       65%         5
 Summon Forest            Summ/Tloc      9%         N/A       65%         5
 Eringya's Noxious Bog    Tmut/Pois      9%         N/A       71%         6
 Simulacrum               Ice/Necr       9%         N/A       99%         6
 Summon Hydra             Summ           9%         N/A       100%        7
 Polar Vortex             Ice            9%         N/A       100%        9


Dungeon Overview and Level Annotations

Branches:
Dungeon (12/15)            Temple (1/1) D:6            Lair (6/6) D:10
 Shoals (0/4) Lair:2        Snake (0/4) Lair:2        Slime (0/5) Lair:5
    Orc (0/2) D:11         Bailey (visited)         Volcano (visited)
Gauntlet (visited)

Altars:
Ashenzari
Cheibriados
Dithmenos
Elyvilon
Fedhas
Gozag
Hepliaklqana
Kikubaaqudgha
Makhleb
Nemelex Xobeh
Okawaru
Qazlal
Ru
Sif Muna
Trog
Uskayaw
Vehumet
Wu Jian
Xom
Yredelemnul
Zin
The Shining One

Shops:
D:4 :   D:5 !   D:10 !


Innate Abilities, Weirdness & Mutations

You have a beak for a mouth.
You have claws for feet.
Your magical nature lets you fly swiftly and evasively.


Message History

The manticore bites you. The manticore misses you.
The manticore closely misses you. The yak gores you.
You completely miss the manticore.
The manticore is severely wounded.
You carefully extract the barbed spikes from your body.
The manticore misses you.
The manticore claws you but does no damage.
The manticore claws you. The yak misses you.
The yak gores you but does no damage. The manticore bites you.
The manticore closely misses you. The manticore misses you.
You slash the manticore!
The manticore is almost dead.
The yak completely misses you. The yak gores you but does no damage.
The manticore bites you!!
The manticore claws you but does no damage.
The manticore misses you. The yak completely misses you.
Unknown command.
The manticore flicks its tail.
The volley of spikes hits you!
The barbed spikes become lodged in your body.
* * * LOW HITPOINT WARNING * * *
The barbs in your skin will harm you if you move.
Continue?
Okay, then.
Okay, then.
As you read the scroll of fear, it crumbles to dust.
You assume a fearsome visage.
The manticore looks frightened!
The yak looks frightened! x2
Unknown command.
Unknown command.
Unknown command.
You carefully extract the barbed spikes from your body.
The yak seems to regain its courage.
The yak seems to regain its courage.
A yak, a catoblepas and 2 death yaks come into view.
The death yak bellows!
The yak bellows!
You hear a bellow!
The death yak snorts and paws the ground.
You slice the catoblepas!!
The catoblepas is poisoned.
You claw the catoblepas.
The catoblepas is moderately wounded.
The death yak gores you!!
You die...

### ##
###.##P!##
##...@.Y.P#
######
##...#YYY..P#
#(...
##.YP###.....#
##...####...##
#....#
#....##...###
..###
#......### .##
#.P##...# #
### ###..#
##..#


You could see 2 death yaks, a catoblepas (very poisoned) and 2 yaks.

Vanquished Creatures
  Gastronok (Lair:2)
  Harold (D:7)
  4 hydras
  2 boulder beetles
  An ogre mage (Volcano)
  A ghost crab (Gauntlet)
  7 two-headed ogres
  3 tengu warriors
  A hell knight (Volcano)
  A deep elf knight (D:10)
  A deep troll (D:10)
  A lindwurm (Lair:3)
  2 wizards (Gauntlet)
  2 orc knights (Bailey)
  2 oklob plants (Lair:5)
  2 ugly things
  A cyclops (D:11)
  A manticore (D:9)
  A worldbinder (Gauntlet)
  A black mamba (Lair:5)
  2 molten gargoyles (Volcano)
  A torpor snail (Lair:4)
  5 cane toads
  5 komodo dragons
  A tengu conjurer (D:10)
  A troll (D:9)
  Prince Ribbit (D:7)
  A meliai zombie (D:10)
  3 dream sheep (Lair:4)
  Sigmund (D:7)
  A shadow (D:10)
  2 vampires
  2 wyverns
  A wraith (D:9)
  39 yaks
  2 fire bats (Volcano)
  A basilisk (D:10)
  6 humans (D:7)
  A steam dragon (D:8)
  7 vampire mosquitoes
  5 nagas (Lair:2)
  2 acid dragons
  Duvessa (D:6)
  14 water moccasins
  11 orc warriors
  3 ice beasts
  A swamp drake (D:10)
  5 black bears
  A necrophage (D:8)
  A boggart (Gauntlet)
  3 wolves (Lair:3)
  4 centaurs
  A phantom (D:4)
  A kobold brigand (D:9)
  12 bullfrogs
  2 wyvern zombies (D:8)
  3 gnoll sergeants (D:10)
  Dowan (D:6)
  12 wights
  An electric eel (Lair:1)
  2 howler monkeys
  6 centaur zombies
  7 lava snakes (Volcano)
  2 jellies
  6 hounds
  Crazy Yiuf (D:6)
  A gnoll shaman (D:9)
  9 orc priests
  2 iguanas
  6 hell rats
  6 orc wizards
  A killer bee zombie (D:7)
  A hound skeleton (D:4)
  4 howler monkey zombies (D:8)
  18 gnolls
  6 adders
  A howler monkey skeleton (D:7)
  A shadow imp (Gauntlet)
  3 white imps
  An ufetubus (D:5)
  4 worms (D:2)
  A dart slug (D:4)
  60 orcs
  8 endoplasms
  3 giant cockroaches
  10 goblins
  5 hobgoblins
  7 jackals
  14 kobolds
  3 quokkas
  7 ball pythons
  8 bats
  3 frilled lizards
  5 rats
425 creatures vanquished.

Vanquished Creatures (collateral kills)
  A boulder beetle (D:12)
1 creature vanquished.

Vanquished Creatures (others)
  4 demonic plants (Gauntlet)
  10 fungi
  3 plants
17 creatures vanquished.

Grand Total: 443 creatures vanquished

Notes
Turn   | Place    | Note
-------+----------+-------------------------------------------
     0 | D:1      | Zeld the Tengu Air Elementalist began the quest for the
                  | Orb.
     0 | D:1      | Reached XP level 1. HP: 10/10 MP: 4/4
   258 | D:1      | Reached XP level 2. HP: 13/15 MP: 3/6
   412 | D:1      | Got the Almanac of Ashen Ice
   416 | D:1      | Learned a level 2 spell: Static Discharge
   535 | D:1      | Found a faded altar of an unknown god.
   945 | D:1      | Reached XP level 3. HP: 18/19 MP: 4/7
   949 | D:1      | Learned a level 3 spell: Swiftness
  2463 | D:2      | Reached skill level 5 in Air Magic
  2616 | D:2      | Reached XP level 4. HP: 20/24 MP: 9/9
  2667 | D:2      | Got Sif Muna's Tome of Cloudy Poison
  3092 | D:3      | Found a white marble altar of Elyvilon.
  4298 | D:4      | Found Qogoiwadics's Book Shop.
  4334 | D:4      | Gained mutation: Your magical nature lets you fly swiftly
                  | and evasively. [Tengu growth]
  4334 | D:4      | Reached XP level 5. HP: 18/28 MP: 5/10
  4339 | D:4      | Learned a level 4 spell: Airstrike
  4868 | D:4      | Noticed a phantom
  4880 | D:4      | Killed a phantom
  4881 | D:4      | Reached skill level 6 in Air Magic
  4881 | D:4      | Reached XP level 6. HP: 12/32 MP: 3/12
  5581 | D:5      | Entered Level 5 of the Dungeon
  5847 | D:5      | Found Qiesue's Distillery.
  5979 | D:5      | Bought a potion of cancellation for 104 gold pieces
  5985 | D:5      | Noticed a wyvern
  5990 | D:5      | Killed a wyvern
  5991 | D:5      | Reached skill level 7 in Air Magic
  5991 | D:5      | Reached XP level 7. HP: 36/36 MP: 1/14
  6556 | D:5      | Reached skill level 5 in Spellcasting
  7195 | D:6      | Reached skill level 5 in Conjurations
  7195 | D:6      | Reached skill level 8 in Air Magic
  7471 | D:6      | Found a staircase to the Ecumenical Temple.
  7478 | D:6      | Noticed Dowan
  7482 | Temple   | Entered the Ecumenical Temple
  7517 | Temple   | Became a worshipper of Vehumet
  8258 | D:6      | Reached XP level 8. HP: 41/41 MP: 0/17
  8708 | D:6      | Noticed Duvessa
  8710 | D:6      | Reached skill level 9 in Air Magic
  8929 | D:6      | Killed Duvessa
  9771 | D:6      | Found a runed translucent door.
  9772 | D:6      | Noticed Crazy Yiuf
  9966 | D:6      | Killed Dowan
 10117 | D:6      | Killed Crazy Yiuf
 10265 | D:7      | Reached skill level 10 in Air Magic
 10265 | D:7      | Reached XP level 9. HP: 45/45 MP: 2/20
 11068 | D:6      | Reached * piety under Vehumet
 11068 | D:6      | Offered knowledge of Sandblast by Vehumet.
 11500 | D:7      | Noticed Prince Ribbit
 11579 | D:5      | Bought a potion of berserk rage for 65 gold pieces
 11579 | D:5      | Bought a potion of curing for 39 gold pieces
 11670 | D:7      | Killed Prince Ribbit
 11875 | D:7      | Reached skill level 11 in Air Magic
 12658 | D:7      | Reached skill level 12 in Air Magic
 12658 | D:7      | Reached XP level 10. HP: 39/50 MP: 2/23
 12798 | D:7      | Noticed Harold
 13649 | D:7      | Noticed Sigmund
 13860 | D:7      | Killed Sigmund
 14883 | D:8      | Reached skill level 13 in Air Magic
 15607 | D:9      | Noticed a green ugly thing
 15672 | D:9      | Reached skill level 1 in Evocations
 16191 | D:9      | Noticed a tengu warrior
 16191 | D:9      | Noticed a manticore
 16222 | D:8      | Killed a tengu warrior
 16503 | D:9      | Killed a manticore
 16504 | D:9      | Reached XP level 11. HP: 33/54 MP: 12/25
 16678 | D:9      | Identified the +2 leather armour "Savol" {Int+4}
 16744 | D:9      | Noticed a two-headed ogre
 16765 | D:9      | Killed a two-headed ogre
 17208 | D:9      | Reached ** piety under Vehumet
 17209 | D:9      | Offered knowledge of Magic Dart by Vehumet.
 17382 | D:9      | Reached skill level 14 in Air Magic
 17512 | D:9      | Noticed a tengu warrior
 17512 | D:9      | Noticed a boulder beetle
 17529 | D:9      | Killed a tengu warrior
 17530 | D:9      | Reached skill level 10 in Spellcasting
 17618 | D:9      | Killed a green ugly thing
 17619 | D:9      | Reached skill level 10 in Conjurations
 17798 | D:9      | Noticed a tengu warrior
 17810 | D:9      | Killed a tengu warrior
 17811 | D:9      | Reached skill level 1 in Shields
 18365 | D:10     | Entered Level 10 of the Dungeon
 18529 | D:10     | Found Futioq's Distillery.
 18574 | D:10     | Bought a potion of might for 48 gold pieces
 18574 | D:10     | Bought a potion of curing for 36 gold pieces
 18574 | D:10     | Bought a potion of heal wounds for 60 gold pieces
 18574 | D:10     | Bought a potion of might for 48 gold pieces
 18574 | D:10     | Bought a potion of cancellation for 96 gold pieces
 18783 | D:10     | Found a flagged portal.
 18806 | Bailey   | Entered a bailey
 19181 | Bailey   | Offered knowledge of Conjure Flame by Vehumet.
 19232 | Bailey   | Noticed an orc knight
 19238 | Bailey   | Killed an orc knight
 19660 | Bailey   | Identified the ring "Jeetimn" {rPois AC+4 Str+9 Int-2 SInv}
 19662 | Bailey   | Identified the +1 helmet of Liwantogee {-Cast rC++ Regen+}
 19673 | Bailey   | Noticed an orc knight
 19688 | Bailey   | Killed an orc knight
 19688 | Bailey   | Reached *** piety under Vehumet
 19726 | Bailey   | Reached skill level 5 in Dodging
 20646 | D:10     | Found a staircase to the Lair.
 20777 | D:10     | Reached XP level 12. HP: 54/59 MP: 8/27
 21008 | D:10     | Noticed a two-headed ogre
 21012 | D:10     | Killed a two-headed ogre
 21168 | D:10     | Noticed a deep elf knight
 21182 | D:10     | Killed a deep elf knight
 21414 | D:10     | Got the Volume of the Quantum Entourage
 21423 | D:10     | Identified the +12 arbalest "Bonwegh" {elec, Fly Will-
                  | Dex+9}
 21515 | D:10     | Reached skill level 5 in Shields
 21693 | D:10     | Offered knowledge of Fulminant Prism by Vehumet.
 21948 | D:11     | Noticed a boulder beetle
 22152 | D:11     | Noticed a four-headed hydra
 22157 | D:11     | Killed a four-headed hydra
 22158 | D:11     | Reached skill level 5 in Evocations
 22543 | D:11     | Noticed a two-headed ogre
 22547 | D:11     | Killed a two-headed ogre
 23081 | D:11     | Found a staircase to the Orcish Mines.
 23146 | D:11     | Killed a boulder beetle
 24271 | D:12     | Noticed a boulder beetle
 24305 | D:12     | Killed a boulder beetle
 24632 | D:12     | Noticed a boulder beetle
 24868 | D:7      | Killed Harold
 25408 | Lair:1   | Entered Level 1 of the Lair of Beasts
 26230 | Lair:1   | Reached XP level 13. HP: 38/63 MP: 11/30
 26814 | Lair:1   | Reached **** piety under Vehumet
 27572 | Lair:2   | Offered knowledge of Yara's Violent Unravelling by Vehumet.
 28020 | Lair:2   | Found a staircase to the Shoals.
 28120 | Lair:2   | Noticed Gastronok
 28132 | Lair:2   | Killed Gastronok
 28456 | Lair:2   | Found a blossoming altar of Fedhas.
 28758 | Lair:2   | Found a staircase to the Snake Pit.
 29137 | Lair:3   | Found a gate leading to a gauntlet.
 29151 | Gauntlet | Entered a Gauntlet
 29151 | Gauntlet | Found a transporter.
 29151 | Gauntlet | Found a transporter.
 29233 | Gauntlet | Found a transporter.
 29233 | Gauntlet | Found a transporter.
 29245 | Gauntlet | Found a transporter.
 29253 | Gauntlet | Found a transporter.
 29256 | Gauntlet | Found a transporter.
 29277 | Gauntlet | Found a transporter.
 29284 | Gauntlet | Found a transporter.
 29298 | Gauntlet | Found a transporter.
 29318 | Gauntlet | Found a transporter.
 29322 | Gauntlet | Noticed a blizzard demon
 29340 | Gauntlet | Found a transporter.
 29370 | Gauntlet | Found the necklace of Bloodlust {*Rage Will++ Int-3 Slay+6}
 29386 | Gauntlet | Found a transporter.
 29401 | Gauntlet | Found a transporter.
 29502 | Gauntlet | Found a transporter.
 29516 | Gauntlet | Found a transporter.
 29689 | Gauntlet | Noticed a naga warrior
 29703 | Gauntlet | Noticed a naga warrior
 30817 | Gauntlet | Identified the ring "Zoniurr" {Contam rPois Will+ Str+10
                  | Int+6 Dex-3}
 31055 | Gauntlet | Noticed a minotaur
 31074 | Gauntlet | Identified the amulet of Arosun {Spirit rCorr Str+8 Slay+2}
 32014 | Lair:4   | Found a dark tunnel.
 32020 | Volcano  | Entered a volcano
 32479 | Volcano  | Found a radiant altar of Vehumet.
 32860 | Volcano  | Reached skill level 1 in Fighting
 32876 | Volcano  | Reached skill level 1 in Armour
 34313 | Lair:4   | Reached skill level 1 in Long Blades
 34770 | Lair:4   | Reached XP level 14. HP: 67/72 MP: 14/32
 36005 | Lair:5   | Found a staircase to the Slime Pits.
 36455 | Lair:6   | Entered Level 6 of the Lair of Beasts
 36488 | Lair:6   | Slain by a death yak

Illustrated notes

Levels and vault maps discovered:
D:1:      minmay_arrival_glassed_features, layout_basic,
          hellmonk_ecumenical_altar_crossroads, minmay_misc_feat_plants,
          chequers_serial_rivers_micro_d, minmay_octomino_c4
D:2:      layout_loops_ring
D:3:      layout_rooms, elyvilon_altar_1
D:4:      layout_loops_corners, serial_shops, nicolae_square_shop
D:5:      layout_gridville, serial_shops, nicolae_lakefront_shop,
          hangedman_abyss_or_decor_jellyfish_corner
D:6:      layout_layer_cave, minmay_temple_entry_waves, uniq_duvessa,
          uniq_crazy_yiuf_cottage
D:7:      erik_cavepeople, layout_loops_ring, uniq_prince_ribbit1, uniq_harold
D:8:      layout_basic
D:9:      layout_basic, minmay_shattered_shrine
D:10:     layout_loops_ring, erik_lair_dragon, enter_bailey_5, serial_shops,
          nicolae_shop_waterfront, minmay_the_grid_2x2 [minmay_the_grid_slots,
          minmay_the_grid_large_cup, minmay_the_grid_fan,
          minmay_the_grid_prize_diamond_cup]
D:11:     layout_rooms, hiddenorc1_lemuel, serial_corexii_hall,
          corexii_hall_statues_x, corexii_hall_statues_x,
          corexii_hall_statues_i, corexii_hall_statues_u
D:12:     minmay_two_paths, layout_layer_cave, doesnt_xom_only_xom
Temple:   regret_index_temple_sigil_plot
Lair:1:   layout_gridlike, beast_lair_carwin_11, serial_bayou_shore_a,
          grunt_megastairs_1
Lair:2:   layout_misc_corridors, elwin_shoals_entry_rocks,
          minmay_snake_entry_guardpost_large, basic_altar, beast_lair_carwin_10,
          uniq_gastronok
Lair:3:   layout_chaotic_city, serial_rivers, chequers_serial_rivers_micro_e,
          chequers_serial_rivers_large_a, chequers_serial_rivers_small_b,
          chequers_serial_rivers_room_a, chequers_serial_rivers_small_a,
          chequers_serial_rivers_room_b, gauntlet_entry_generic
Lair:4:   layout_regular_city, enter_volcano_1
Lair:5:   layout_cave_shapes, minmay_slime_entry_oklob_enclosed,
          nicolae_lair_grove_arrangements
Lair:6:   evilmike_catoblepas_cave, layout_gridlike, uniq_snorg

Skill      XL: |  1  2  3  4  5  6  7  8  9 10 11 12 13 14 |
---------------+-------------------------------------------+-----
Conjurations   | 2 3 4 5 6 8 9 10 | 10.0
Air Magic      | 5 6 7 8 10 12 13 14 | 14.0
Spellcasting   | 3 4 5 6 8 9 10 12 13 | 13.2
Evocations     | 2 4 6 7 |  7.5
Dodging        | 3 5 7 8 |  8.0
Shields        | 4 7 9 |  9.6
Fighting       | 2 3 |  3.5
Armour         | 2 |  2.6
Stealth        | 3 4 |  4.5
Long Blades    | 1 |  1.9

Action                   |  1- 3 |  4- 6 |  7- 9 | 10-12 | 13-15 || total
-------------------------+-------+-------+-------+-------+-------++-------
Melee: Unarmed           |    32 |       |       |       |       ||    32
       Kick              |    14 |    25 |    12 |    29 |    17 ||    97
       Peck              |    11 |    14 |     6 |    26 |    10 ||    67
       Punch             |     1 |     2 |     1 |     3 |     1 ||     8
       Dagger            |    22 |    72 |    13 |       |       ||   107
       Scimitar          |       |       |    27 |    86 |    52 ||   165
 Cast: Shock             |    17 |    14 |    11 |     3 |     3 ||    48
       Static Discharge  |    27 |    22 |    18 |       |       ||    67
       Airstrike         |       |     3 |   102 |   398 |   264 ||   767
       Swiftness         |       |       |     3 |       |       ||     3
Evoke: Wand              |       |       |     1 |     5 |     2 ||     8
       Lightning rod     |       |       |       |     2 |     6 ||     8
  Use: Scroll            |       |       |       |     9 |    15 ||    24
       Potion            |       |       |       |     1 |     2 ||     3
 Stab: Sleeping          |     2 |     6 |     1 |       |       ||     9
Armor: Robe              |    22 |    21 |    15 |     4 |       ||    62
       Leather armour    |       |       |       |    48 |    29 ||    77
Dodge: Dodged            |    46 |    59 |    56 |   217 |   168 ||   546
